 Dungeon Crawl Stone Soup version 0.25-a0-781-gc44aebf4fe (webtiles) character file.

Game seed: 1149828918757734223, levelgen mode: deterministic

466 Astera the Covert (level 6, 0/30 HPs)
             Began as a Spriggan Assassin on Apr 13, 2020.
             Killed from afar by an orc wizard (1 damage)
             ... with a magic dart
             ... on level 3 of the Dungeon on Apr 15, 2020.
             The game lasted 00:40:45 (6312 turns).

Astera the Covert (Spriggan Assassin)               Turns: 6312, Time: 00:40:46

Health: 0/30       AC:  5    Str:  7    XL:     6   Next: 81%
Magic:  7/7        EV: 23    Int: 12    God:
Gold:   145        SH:  0    Dex: 22    Spells: 5/5 levels left

rFire    x . .     SeeInvis +   a - +3 dagger
rCold    + . .     Gourm    .   (shield restricted)
rNeg     . . .     Faith    .   s - +0 robe
rPois    +         Spirit   .   (helmet restricted)
rElec    .         Reflect  .   r - +2 cloak
rCorr    +         Harm     .   (gloves unavailable)
MR       +....     Clarity  +   (boots unavailable)
Stlth    ++++......             (no amulet)
HPRegen  0.10/turn              g - ring of resist corrosion
MPRegen  0.10/turn              o - ring of ice

@: very quick
A: very small, unfitting armour, see invisible, agile 1, clarity, herbivore,
speed 3, poison resistance, slow metabolism 2, MP-powered wands
a: no special abilities


You were on level 3 of the Dungeon.
You were not hungry.

You visited 1 branch of the dungeon, and saw 4 of its levels.

You collected 145 gold pieces.

Inventory:

Hand Weapons
 a - a +3 dagger (weapon)
 b - a +0 hunting sling
Missiles
 d - 17 poisoned darts (quivered)
 e - 2 curare-tipped darts
 h - 56 sling bullets
Armour
 r - a +2 cloak (worn)
 s - a +0 robe (worn)
Jewellery
 g - a ring of resist corrosion (left hand)
 o - a ring of ice (right hand)
Scrolls
 i - 2 scrolls of remove curse
 l - a scroll of fog {unknown}
 m - 4 scrolls of identify {unknown}
 n - a scroll of blinking {unknown}
 q - a scroll of fear {unknown}
 u - a scroll of amnesia {unknown}
 w - a scroll of teleportation {unknown}
Potions
 c - a potion of stabbing
 t - a potion of heal wounds {unknown}
 v - a potion of flight {unknown}
Comestibles
 f - 6 rations


   Skills:
 - Level 1.5 Fighting
 + Level 4.9 Short Blades
 - Level 2.0 Throwing
 + Level 6.0 Dodging
 + Level 8.7 Stealth


You had 5 spell levels left.
You didn't know any spells.
Your spell library was empty.

Dungeon Overview and Level Annotations

Branches:
Dungeon (4/15)
 Temple: D:4-7

Altars:
Cheibriados
Ru

Annotations:
D:2 exclusion: 5 wights


Innate Abilities, Weirdness & Mutations

You are very small and have problems with some larger weapons.
You are too small for most types of armour.
You have supernaturally acute eyesight. (SInv)
You are a herbivore.
You cover ground extremely quickly.
You need to consume almost no food.
You are agile. (Dex +2)
You possess an exceptional clarity of mind.
Your system is resistant to poisons. (rPois)
You expend magic power (3 MP) to strengthen your wands.


Message History

There is a stone staircase leading up here.
The orc wizard completely misses you. The ogre misses you.
You climb upwards.
There is a stone staircase leading down here.
The orc wizard casts a spell at you. The magic dart hits you.
* * * LOW HITPOINT WARNING * * *
The orc wizard barely misses you.
You see here a cursed -3 dagger.
The orc wizard gestures at you while chanting.
The magic dart hits you!
* * * LOW HITPOINT WARNING * * *
You see here 18 stones.
You see here a pair of boots.
The orc wizard casts a spell at you. The magic dart hits you.
* * * LOW HITPOINT WARNING * * *
The orc wizard gestures at you while chanting.
The magic dart hits you.
You die...

...........#
#.##....##....###.#
.#########.#
#......##.........#
.....#.....#
#.....##....#####)#
####.#.########....##....##
#.#
.....#.....'.#....##....##
#.#
############....###....##
#o# ####.# ###### #(#
#.###############.#
#.@......o....[...#
#.################# ###


You could see an orc wizard.

Vanquished Creatures
  An ogre (D:4)
  A centaur (D:4)
  A scorpion (D:4)
  A howler monkey (D:4)
  A hound (D:3)
  An orc priest (D:4)
  A worker ant (D:4)
  3 adders
  2 oozes
  3 worms (D:3)
  A dart slug (D:1)
  2 leopard geckos (D:3)
  15 orcs
  3 bats
  4 giant cockroaches
  6 goblins
  9 hobgoblins
  6 jackals
  10 kobolds
  A quokka (D:3)
  A ball python (D:2)
  4 frilled lizards
  9 rats
86 creatures vanquished.

Notes
Turn   | Place    | Note
-------+----------+-------------------------------------------
     0 | D:1      | Astera the Spriggan Assassin began the quest for the Orb.
     0 | D:1      | Reached XP level 1. HP: 10/10 MP: 2/2
   248 | D:1      | Reached skill level 6 in Stealth
   328 | D:1      | Reached XP level 2. HP: 14/14 MP: 3/3
  1307 | D:2      | Noticed a wight
  1307 | D:2      | Noticed a wight
  1307 | D:2      | Noticed a wight
  1319 | D:2      | Noticed a wight
  1319 | D:2      | Noticed a wight
  1571 | D:2      | Reached XP level 3. HP: 18/18 MP: 4/4
  1822 | D:2      | You fall into a shaft and drop 1 floor!
  2493 | D:3      | Found a snail-covered altar of Cheibriados.
  2620 | D:3      | Reached XP level 4. HP: 21/22 MP: 5/5
  3152 | D:3      | Reached skill level 7 in Stealth
  4287 | D:4      | Found a sacrificial altar of Ru.
  4298 | D:4      | Noticed a centaur
  4359 | D:3      | Reached XP level 5. HP: 18/25 MP: 6/6
  4449 | D:4      | Noticed an ogre
  4452 | D:4      | Killed an ogre
  4541 | D:4      | Killed a centaur
  4541 | D:4      | Reached skill level 5 in Dodging
  4541 | D:4      | Reached skill level 8 in Stealth
  4541 | D:4      | Reached XP level 6. HP: 9/30 MP: 7/7
  5142 | D:3      | Gained mutation: You possess an exceptional clarity of
                  | mind. [potion of mutation]
  5142 | D:3      | Gained mutation: You expend magic power (3 MP) to
                  | strengthen your wands. [potion of mutation]
  5142 | D:3      | Gained mutation: You are agile. (Dex +2) [potion of
                  | mutation]
  5142 | D:3      | Gained mutation: Your system is resistant to poisons.
                  | (rPois) [potion of mutation]
  5165 | D:3      | HP: 2/45 [poisoned by a scorpion]
  5171 | D:3      | HP: 2/45 [poisoned by a scorpion]
  5471 | D:3      | Upgraded the game from 0.25-a0-743-g84dc20635f to
                  | 0.25-a0-781-gc44aebf4fe
  6308 | D:3      | HP: 1/30 [orc wizard/magic dart (3)]
  6312 | D:3      | Killed from afar by an orc wizard

Levels and vault maps discovered:
D:1:      dpeg_arrival_yet_another_circle, layout_loops_ring
D:2:      layout_loops_ring, minivault_14, corexii_item_surrounded_by_moat
D:3:      minmay_evil_eye, layout_basic, cheibriados_altar_1,
          roderic_serpentine_path, nrook_mini_backslash
D:4:      layout_cave_pools, nicolae_ru_sacrificial_ziggurat, first_ration

Skill      XL: |  1  2  3  4  5  6 |
---------------+-------------------+-----
Dodging        | 2 3 4 5 6 |  6.0
Stealth        | 6 7 8 |  8.7
Short Blades   | 3 4 |  4.9
Fighting       | |  1.5
Throwing       | |  2.0

Action                   |  1- 3 |  4- 6 || total
-------------------------+-------+-------++-------
Melee: Dagger            |   113 |   223 ||   336
Throw: Dart              |    23 |    21 ||    44
  Use: Scroll            |     5 |       ||     5
       Potion            |       |     4 ||     4
 Stab: Sleeping          |     9 |    15 ||    24
       Distracted        |     2 |       ||     2
  Eat: Ration            |       |     2 ||     2
Armor: Robe              |    13 |    14 ||    27
Dodge: Dodged            |    72 |   159 ||   231

Table legend:
 A = Non-vault XP
 B = Vault XP
 C = Vault XP percentage of total XP
 D = Non-vault monster count
 E = Vault monster count
 F = Vault count percentage of total count
                 A         B        C        D         E       F
            +---------+---------+-------+---------+---------+-------
      Total |     655 |      11 |   1.7 |      82 |       4 |   4.7
            +---------+---------+-------+---------+---------+-------
        D:1 |      31 |       0 |   0.0 |      18 |       0 |   0.0
        D:2 |      41 |       0 |   0.0 |      14 |       0 |   0.0
        D:3 |     138 |      11 |   7.4 |      34 |       4 |  10.5
        D:4 |     445 |       0 |   0.0 |      16 |       0 |   0.0
            +---------+---------+-------+---------+---------+-------
